 Dungeon Crawl Stone Soup version 0.22.0-6-g71bd7aa6b3 (webtiles) character file.

163 IceCat the Shield-Bearer (level 5, 0/42 HPs)
             Began as a Formicid Fighter on Aug 14, 2018.
             Killed from afar by an orc wizard (5 damage)
             ... with a puff of flame
             ... on level 3 of the Dungeon.
             The game lasted 00:06:11 (1764 turns).

IceCat the Shield-Bearer (Formicid Fighter)         Turns: 1764, Time: 00:06:12

Health: 0/42       AC:  7    Str: 22    XL:     5   Next: 72%
Magic:  5/5        EV:  9    Int:  7    God:
Gold:   98         SH:  9    Dex: 10    Spells: 4/4 levels left

rFire    . . .     SeeInvis +   a - +0 long sword
rCold    . . .     Gourm    .   c - +0 shield
rNeg     . . .     Faith    .   b - +0 scale mail
rPois    +         Spirit   .   (helmet unavailable)
rElec    .         Reflect  .   r - scarf {cloud immunity}
rCorr    .         Harm     .   (no gloves)
MR       +....                  (no boots)
Stlth    ..........             (no amulet)
HPRegen  0.14/turn              m - ring of protection from magic
MPRegen  0.09/turn              p - ring of poison resistance

@: no status effects
A: permanent stasis, dig shafts and tunnels, four strong arms, antennae 3
a: Dig, Shaft Self


You were on level 3 of the Dungeon.
You were not hungry.

You visited 1 branch of the dungeon, and saw 3 of its levels.

You collected 98 gold pieces.

Inventory:

Hand Weapons
 a - a +0 long sword (weapon)
Armour
 b - a +0 scale mail (worn)
 c - a +0 shield (worn)
 r - a scarf of cloud immunity (worn)
Jewellery
 m - a ring of protection from magic (left hand)
 p - a ring of poison resistance (right hand)
Scrolls
 g - a scroll of amnesia {unknown}
 h - a scroll of fear {unknown}
 i - a scroll of noise {unknown}
 j - a scroll of teleportation
 k - a scroll of blinking
 l - 3 scrolls of identify {unknown}
 n - a scroll of enchant armour {unknown}
 o - a scroll of immolation {unknown}
Potions
 d - a potion of might
 e - 2 potions of curing {unknown}
 q - a potion of lignification {unknown}
Comestibles
 f - 8 rations
 s - a chunk of flesh


   Skills:
 + Level 3.9 Fighting
 * Level 3.4 Long Blades
 + Level 4.0 Armour
 + Level 1.7 Dodging
 + Level 4.3 Shields


You had 4 spell levels left.
You didn't know any spells.
Your spell library contained the following spells:

 Spells                   Type           Power        Failure   Level  Hunger
 Confuse                  Hex            #.......     100%        3    ####...
 Tukima's Dance           Hex            #.......     100%        3    ####...
 Ensorcelled Hibernation  Hex/Ice        #.....       99%         2    ###....
 Corona                   Hex            #......      97%         1    ##.....
 Dazzling Spray           Conj/Hex       #.....       100%        3    ####...


Dungeon Overview and Level Annotations

Branches:
Dungeon (3/15)

Altars:


Innate Abilities, Weirdness & Mutations

You cannot be hasted, slowed, berserked, paralysed or teleported.
You can dig through walls and to a lower floor.
Your four strong arms can wield two-handed weapons with a shield.
You have a pair of large antennae on your head. (SInv)


Message History

You block the orc's attack.
You closely miss the bat. You block the bat's attack.
The orc priest closely misses you.
As you read the scroll labeled USKYNI MUALL, it crumbles to dust.
Your stasis prevents you from teleporting.
It was a scroll of blinking.
The bat hits you.
The orc wizard hits you but does no damage.
The orc priest calls down the wrath of Beogh upon you.
Beogh smites you!
* * * LOW HITPOINT WARNING * * *
The orc priest begins to cast a cantrip, but forgets the words!
The orc hits you with a dagger.
* * * LOW HITPOINT WARNING * * *
Okay, then.
As you read the scroll labeled NYGGOO UKOO, it crumbles to dust.
You feel a strange sense of stasis.
It was a scroll of teleportation.
You block the bat's attack.
The orc wizard gestures at you while chanting.
The puff of flame hits you!
You die...

##...............###....#
#..........####..###....#
#..........# ##.....<...
#..........# #.........
##..........# #.........
............# #.>.......
###.....##### #####.....
##...b#8###8###8 #..#..
####..@oo....?) ##.#..
#..o...K.... #)...
#..o........ ###...
...#8###8##.. #.....
.....### ## . ####..
...>>.# { #.. ......# ###
###### {


You could see 2 orc priests, an orc wizard, an orc, a bat and a kobold.

Vanquished Creatures
  Terence (D:3)
  6 adders
  An adder skeleton (D:3)
  2 worms (D:3)
  2 dart slugs (D:1)
  2 leopard geckos
  4 giant cockroaches
  9 goblins
  6 hobgoblins
  3 jackals
  3 kobolds (D:1)
  2 quokkas
  9 bats
  3 frilled lizards
  23 rats
76 creatures vanquished.

Notes
Turn   | Place    | Note
-------+----------+-------------------------------------------
     0 | D:1      | IceCat the Formicid Fighter began the quest for the Orb.
     0 | D:1      | Reached XP level 1. HP: 18/18 MP: 1/1
    77 | D:1      | Reached XP level 2. HP: 19/24 MP: 2/2
   325 | D:1      | Reached XP level 3. HP: 24/29 MP: 3/3
   829 | D:2      | Reached skill level 1 in Dodging
   948 | D:2      | Reached XP level 4. HP: 32/36 MP: 4/4
  1320 | D:3      | Reached XP level 5. HP: 37/42 MP: 5/5
  1550 | D:3      | Noticed Terence
  1568 | D:3      | Killed Terence
  1764 | D:3      | Killed from afar by an orc wizard

Skill      XL: |  1  2  3  4  5 |
---------------+----------------+-----
Dodging        | 1 |  1.7
Shields        | 4 |  4.3
Long Blades    | 3 |  3.4
Armour         | 4 |  4.0
Fighting       | |  3.9

Action                   |  1- 3 |  4- 6 || total
-------------------------+-------+-------++-------
Melee: Long sword        |    83 |   183 ||   266
 Abil: Dig               |       |     1 ||     1
  Use: Scroll            |       |     2 ||     2
  Eat: Chunk             |       |     4 ||     4
Armor: Scale mail        |    32 |    63 ||    95
Dodge: Dodged            |    29 |    62 ||    91
Block: Shield            |    56 |   100 ||   156
       Rpst.: Long sword |     8 |    19 ||    27
